 Dungeon Crawl Stone Soup version 0.19-a0 (webtiles) character file.

99 Loki the Ruffian (level 4, -1/41 HPs)
             Began as a Troll Warper on Apr 27, 2016.
             Killed from afar by an orc wizard (11 damage)
             ... with a magic dart
             ... on level 5 of the Dungeon.
             The game lasted 00:04:19 (373 turns).

Loki the Ruffian (Troll Warper)                      Turns: 373, Time: 00:04:19

Health: -1/41      AC:  6    Str: 19    XL:     4   Next: 45%
Magic:  4/4        EV: 10    Int: 10    God:
Gold:   37         SH:  0    Dex:  9    Spells: 1 memorised, 4 levels left

rFire  . . .     SeeInvis .       - Unarmed
rCold  . . .     Gourm    +     a - +1 robe
rNeg   . . .     Faith    .     (no shield)
rPois  .         Spirit   .     (helmet restricted)
rElec  .         Dismiss  .     (no cloak)
rCorr  .         Reflect  .     (gloves unavailable)
SustAt .         Harm     .     (boots unavailable)
MR     .....                    (no amulet)
Stlth  +.........               (no ring)
                                (no ring)

@: not resistant to hostile enchantments, very unstealthy
A: unfitting armour, claws 3, fast metabolism 3, gourmand, regeneration 2,
shaggy fur 1, tough skin 2
a: no special abilities


You were on level 5 of the Dungeon.
You were not hungry.

You visited 1 branch of the dungeon, and saw 5 of its levels.

You collected 37 gold pieces.

Inventory:

Missiles
 d - 5 tomahawks of dispersal (quivered)
Armour
 a - a +1 robe (worn)
Scrolls
 c - a scroll of blinking
 e - 2 scrolls of remove curse {unknown}
 g - 2 scrolls of enchant armour
 i - 2 scrolls of identify {unknown}
Potions
 h - 2 potions of heal wounds {unknown}
 j - a potion of mutation {unknown}
 k - a potion of agility {unknown}
Books
 b - a book of Spatial Translocations

   Spells                             Type                      Level
   a - Apportation                    Translocation                1
   b - Blink                          Translocation                2
   c - Shroud of Golubria             Charms/Translocation         2
   d - Portal Projectile              Translocation                3
   e - Teleport Other                 Translocation                3
   f - Passage of Golubria            Translocation                4
Comestibles
 f - 4 bread rations
 l - a meat ration


   Skills:
 - Level 1.5 Fighting
 - Level 0.8 Throwing
 - Level 1.9 Dodging
 + Level 4.7 Unarmed Combat
 - Level 1.2 Spellcasting
 - Level 2.1 Translocations


You had 4 spell levels left.
You knew the following spells:

 Your Spells              Type           Power        Failure   Level  Hunger
a - Apportation           Tloc           #.........   14%         1    ##.....


Dungeon Overview and Level Annotations

Branches:
Dungeon (5/15)
 Temple: D:4-7

Altars:
Okawaru

Annotations:
D:2 Jessica


Innate Abilities, Weirdness & Mutations

You are too large for most types of armour.
You have claws for hands.
Your metabolism is lightning-fast.
You like to eat raw meat.
You heal very quickly.
You are covered in fur (AC +1).
You have very tough skin (AC +2).


Message History

The orc is almost dead.
The orc hits you but does no damage.
You barely miss the orc.
The orc is almost dead.
The orc hits you but does no damage.
You barely miss the orc wizard. The orc wizard closely misses you.
The orc closely misses you.
The orc wizard hits you but does no damage.
You scratch the orc wizard but do no damage.
The orc wizard hits you but does no damage.
The orc hits you but does no damage.
You closely miss the orc wizard.
The orc wizard hits you but does no damage.
The orc wizard casts a spell.
The orc wizard blinks!
You claw the orc!
You kill the orc!
The orc wizard gestures at you while chanting.
The magic dart hits you!
You die...

####### ## #<....# ..##.
######.###.#######......
....(.........oo@ยง....o.
######.###..#..##)......
#......#..###..>...
####........#......
#.#.#.#Zo.......
#.#.............
..###....#.o.... ...
###..##..##. .... .......


You could see an orc wizard and 2 orcs.

Vanquished Creatures
  A worker ant (D:5)
  A hound skeleton (D:5)
  A worker ant zombie (D:5)
  2 shadow imps (D:5)
  2 orcs (D:5)
  A ball python (D:1)
  A bat zombie (D:2)
  A giant cockroach (D:2)
  3 hobgoblins
  4 jackals (D:1)
  2 quokkas (D:4)
  2 kobolds (D:1)
  A quokka skeleton (D:5)
  19 rats
41 creatures vanquished.

Notes
Turn   | Place    | Note
--------------------------------------------------------------
     0 | D:1      | Loki the Troll Warper began the quest for the Orb.
     0 | D:1      | Reached XP level 1. HP: 19/19 MP: 1/1
    63 | D:1      | Reached XP level 2. HP: 23/27 MP: 2/2
   109 | D:2      | Found an iron altar of Okawaru.
   145 | D:2      | Reached skill level 3 in Unarmed Combat
   152 | D:2      | Noticed Jessica
   264 | D:4      | Reached XP level 3. HP: 33/33 MP: 3/3
   329 | D:5      | Entered Level 5 of the Dungeon
   352 | D:5      | Reached skill level 4 in Unarmed Combat
   357 | D:5      | Reached XP level 4. HP: 21/41 MP: 4/4
   373 | D:5      | Killed from afar by an orc wizard

Vault maps used:
D:1:      sevenhm_arrival_forest_fort_small_6
D:2:      serial_undead, serial_undead_e, serial_undead_d, serial_undead_e,
          serial_undead_d, serial_undead_c, serial_undead_a, serial_undead_b,
          okawaru_ov_weapons_minmay, uniq_jessica
D:4:      lemuel_doored_altar, roderic_hopi_sauvastika, minmay_rat_hole
D:5:      gammafunk_temple_overflow_wave, first_bread, portal_sewer_entry_f,
          serial_shops, nicolae_shop_waterfront, st_stairs_5

Skill      XL: |  1  2  3 |
---------------+----------+-----
Unarmed Combat | 3 4 |  4.7
Fighting       | |  1.5
Throwing       | |  0.8
Dodging        | |  1.9
Spellcasting   | |  1.2
Translocations | |  2.1

Action                   |  1- 3 |  4- 6 || total
-------------------------+-------+-------++-------
Melee: Unarmed           |    74 |    16 ||    90
       Punch             |     1 |       ||     1
  Use: Scroll            |     1 |       ||     1
  Eat: Chunk             |     3 |       ||     3
Armor: Robe              |    33 |     9 ||    42
Dodge: Dodged            |    59 |    14 ||    73
